General information
- name: BNet
- type: Ladder team game (AT/RT)
- host: Battle.net
- saver:
map: MarketSquare
- players: 8
- length: 19:19
- speed: Fast
- version: 1.26 W3XP
- replay type: Public
» download(137 KB)
Players
team 1 (winner)

»
ukinarpaP (
teal | 49 APM | 930 actions | 19:00)
4 Demon Hunter
2 Immolation
2 Evasion
5 Keeper of the Grove
2 Entangling Roots
3 Thorns Aura
» actions
| Assign group hotkey | 49 | |
| Basic commands | 82 | |
| Build / train | 63 | |
| Enter build submenu | 24 | |
| Enter hero's abilities submenu | 9 | |
| Remove unit from queue | 2 | |
| Right click | 317 | |
| Select / deselect | 292 | |
| Select group hotkey | 32 | |
| Use ability | 60 | |
930 total
» units
| Wisp | 15 | |
| Dryad | 12 | |
| Mountain Giant | 3 | |
| Druid of the Claw | 2 | |
32 total
» upgrades
| Nature's Blessing | 1 | |
| Abolish Magic | 1 | |
| Strength of the Wild | 3 | |
| Well Spring | 1 | |
| Hardened Skin | 1 | |
| Resistant Skin | 1 | |
| Reinforced Hides | 3 | |
| Druid of the Claw Training | 1 | |
12 total
» buildings
| Altar of Elders | 1 | |
| Moon Well | 7 | |
| Hunter's Hall | 1 | |
| Ancient Protector | 6 | |
| Ancient of Wonders | 1 | |
| Tree of Ages | 1 | |
| Ancient of Lore | 5 | |
| Tree of Eternity | 1 | |
23 total
» build order
00:20 Altar of Elders
00:37 Moon Well
02:04 Moon Well
02:11 Hunter's Hall
03:24 Ancient Protector
03:27 Ancient Protector
03:31 Ancient of Wonders
03:38 Tree of Ages
03:50 Ancient Protector
04:07 Ancient Protector
04:19 Moon Well
04:34 Moon Well
04:47 Ancient Protector
05:00 Ancient Protector
06:05 Ancient of Lore
06:16 Ancient of Lore
06:50 Ancient of Lore
06:53 Ancient of Lore
07:06 Ancient of Lore
08:06 Tree of Eternity
10:10 Moon Well
10:11 Moon Well
10:13 Moon Well
» items
| Dust of Appearance | 1 | |
| Potion of Healing | 2 | |
| Potion of Mana | 2 | |
5 total

»
PieceOfMeat (
pink | 44 APM | 438 actions | 09:57)
3 Death Knight
2 Death Coil
1 Unholy Aura
» actions
| Assign group hotkey | 14 | |
| Basic commands | 9 | |
| Build / train | 23 | |
| Enter build submenu | 8 | |
| Enter hero's abilities submenu | 3 | |
| Right click | 142 | |
| Select / deselect | 140 | |
| Select group hotkey | 80 | |
| Use ability | 19 | |
438 total
» units
| Acolyte | 3 | |
| Ghoul | 6 | |
| Crypt Fiend | 7 | |
16 total
» buildings
| Crypt | 1 | |
| Ziggurat | 3 | |
| Altar of Darkness | 1 | |
| Graveyard | 1 | |
| Halls of the Dead | 1 | |
| Necropolis | 1 | |
| Nerubian Tower | 1 | |
| Spirit Tower | 1 | |
10 total
» build order
00:13 Crypt
00:16 Ziggurat
00:39 Altar of Darkness
01:07 Graveyard
01:40 Ziggurat
02:56 Ziggurat
04:20 Halls of the Dead
05:50 Necropolis
06:46 Nerubian Tower
07:07 Spirit Tower
Ghetto_OverIord (
green | 52 APM | 999 actions | 19:19)
4 Blademaster
2 Wind Walk
2 Critical Strike
» actions
| Assign group hotkey | 57 | |
| Basic commands | 54 | |
| Build / train | 39 | |
| ESC pressed | 2 | |
| Enter build submenu | 13 | |
| Enter hero's abilities submenu | 4 | |
| Right click | 410 | |
| Select / deselect | 184 | |
| Select group hotkey | 147 | |
| Use ability | 89 | |
999 total
» units
» upgrades
» buildings
| Altar of Storms | 1 | |
| Barracks | 1 | |
| Orc Burrow | 4 | |
| Voodoo Lounge | 1 | |
| Stronghold | 1 | |
| War Mill | 1 | |
| Fortress | 1 | |
| Spirit Lodge | 3 | |
13 total
» build order
00:05 Altar of Storms
00:09 Barracks
00:15 Orc Burrow
01:38 Voodoo Lounge
02:02 Orc Burrow
02:31 Orc Burrow
04:00 Stronghold
04:02 War Mill
04:39 Orc Burrow
06:29 Fortress
06:34 Spirit Lodge
06:37 Spirit Lodge
06:41 Spirit Lodge
» items
| Lesser Clarity Potion | 2 | |
| Healing Salve | 3 | |
| Scroll of Speed | 2 | |
| Scroll of Town Portal | 2 | |
| Potion of Healing | 1 | |
| Orb of Lightning | 1 | |
11 total
kcartelcarter (
purple | 40 APM | 746 actions | 18:52)
3 Priestess of the Moon
2 Trueshot Aura
1 Searing Arrows
» actions
| Assign group hotkey | 8 | |
| Build / train | 49 | |
| Enter build submenu | 20 | |
| Enter hero's abilities submenu | 3 | |
| Give item / drop item | 1 | |
| Right click | 373 | |
| Select / deselect | 245 | |
| Select group hotkey | 24 | |
| Use ability | 23 | |
746 total
» units
| Wisp | 16 | |
| Hippogryph | 9 | |
| Chimaera | 10 | |
35 total
» upgrades
| Strength of the Wild | 3 | |
| Reinforced Hides | 2 | |
| Corrosive Breath | 1 | |
6 total
» buildings
| Altar of Elders | 1 | |
| Moon Well | 9 | |
| Hunter's Hall | 1 | |
| Tree of Ages | 1 | |
| Ancient Protector | 2 | |
| Ancient of Wonders | 1 | |
| Tree of Eternity | 1 | |
| Ancient of Wind | 1 | |
| Chimaera Roost | 2 | |
19 total
» build order
00:04 Altar of Elders
00:07 Moon Well
02:49 Hunter's Hall
02:51 Moon Well
04:59 Tree of Ages
05:07 Ancient Protector
05:46 Ancient of Wonders
07:00 Ancient Protector
07:40 Tree of Eternity
07:44 Ancient of Wind
10:12 Chimaera Roost
10:14 Chimaera Roost
10:18 Moon Well
11:16 Moon Well
11:53 Moon Well
13:37 Moon Well
14:12 Moon Well
15:40 Moon Well
16:11 Moon Well
» items
team 2 (loser)

»
MattBot (
blue | 186 APM | 3594 actions | 19:19)
6 Tauren Chieftain
2 Endurance Aura
3 Shockwave
1 Reincarnation
4 Shadow Hunter
2 Healing Wave
2 Hex
2 Firelord
1 Soul Burn
1 Incinerate
» actions
| Assign group hotkey | 27 | |
| Basic commands | 30 | |
| Build / train | 79 | |
| Enter build submenu | 21 | |
| Enter hero's abilities submenu | 12 | |
| Give item / drop item | 7 | |
| Right click | 1800 | |
| Select / deselect | 260 | |
| Select group hotkey | 1278 | |
| Use ability | 80 | |
3594 total
» units
| Peon | 16 | |
| Grunt | 10 | |
| Raider | 3 | |
| Troll Batrider | 6 | |
35 total
» upgrades
| Pillage | 1 | |
| Melee Weapons | 2 | |
| Armor | 2 | |
| Berserker Strength | 1 | |
| Ensnare | 1 | |
| Spiked Barricades | 1 | |
| Envenomed Spears | 1 | |
| War Drums Damage Increase | 1 | |
| Reinforced Defenses | 1 | |
11 total
» buildings
| Altar of Storms | 1 | |
| Orc Burrow | 6 | |
| Barracks | 1 | |
| Voodoo Lounge | 1 | |
| Stronghold | 1 | |
| War Mill | 1 | |
| Great Hall | 1 | |
| Watch Tower | 6 | |
| Beastiary | 2 | |
| Fortress | 1 | |
21 total
» build order
00:07 Altar of Storms
00:19 Orc Burrow
00:27 Barracks
01:27 Orc Burrow
02:00 Voodoo Lounge
03:11 Orc Burrow
05:49 Stronghold
06:25 War Mill
07:57 Great Hall
08:00 Orc Burrow
09:22 Watch Tower
09:24 Watch Tower
09:28 Watch Tower
10:16 Beastiary
11:05 Beastiary
12:45 Watch Tower
12:48 Orc Burrow
13:38 Watch Tower
13:41 Watch Tower
13:44 Fortress
14:26 Orc Burrow
» items
| Circlet of Nobility | 2 | |
| Healing Salve | 3 | |
| Scroll of Speed | 2 | |
| Scroll of Town Portal | 1 | |
| Potion of Lesser Invulnerability | 1 | |
| Scroll of Healing | 1 | |
| Orb of Lightning | 1 | |
11 total

»
xRainerx (
orange | 18 APM | 352 actions | 19:19)
4 Death Knight
2 Death Coil
1 Unholy Aura
1 Death Pact
1 Dark Ranger
1 Black Arrow
2 Pit Lord
1 Cleaving Attack
1 Rain of Fire
» actions
| Build / train | 65 | |
| Enter build submenu | 16 | |
| Enter hero's abilities submenu | 7 | |
| Right click | 98 | |
| Select / deselect | 138 | |
| Use ability | 28 | |
352 total
» units
| Acolyte | 12 | |
| Ghoul | 22 | |
| Crypt Fiend | 7 | |
41 total
» upgrades
| Creature Attack | 3 | |
| Creature Carapace | 3 | |
| Web | 1 | |
7 total
» buildings
| Ziggurat | 8 | |
| Crypt | 2 | |
| Altar of Darkness | 1 | |
| Nerubian Tower | 1 | |
| Graveyard | 1 | |
| Necropolis | 1 | |
| Halls of the Dead | 1 | |
| Spirit Tower | 4 | |
| Black Citadel | 1 | |
| Sacrificial Pit | 1 | |
| Tomb of Relics | 1 | |
22 total
» build order
00:12 Ziggurat
00:17 Crypt
00:38 Altar of Darkness
01:11 Ziggurat
01:42 Ziggurat
02:01 Nerubian Tower
03:03 Graveyard
05:38 Necropolis
06:34 Ziggurat
08:15 Halls of the Dead
09:37 Spirit Tower
09:39 Spirit Tower
09:43 Spirit Tower
11:09 Black Citadel
11:16 Crypt
11:25 Ziggurat
11:29 Ziggurat
11:36 Ziggurat
11:45 Sacrificial Pit
14:06 Spirit Tower
14:57 Tomb of Relics
15:06 Ziggurat

»
New05 (
red | 55 APM | 1072 actions | 19:19)
5 Dreadlord
2 Carrion Swarm
3 Vampiric Aura
4 Death Knight
2 Death Coil
2 Unholy Aura
» actions
| Assign group hotkey | 36 | |
| Basic commands | 18 | |
| Build / train | 58 | |
| Enter build submenu | 10 | |
| Enter hero's abilities submenu | 9 | |
| Give item / drop item | 1 | |
| Right click | 379 | |
| Select / deselect | 210 | |
| Select group hotkey | 312 | |
| Use ability | 39 | |
1072 total
» units
| Acolyte | 6 | |
| Ghoul | 14 | |
| Gargoyle | 10 | |
30 total
» upgrades
| Cannibalize | 1 | |
| Unholy Strength | 2 | |
| Unholy Armor | 1 | |
| Creature Carapace | 4 | |
| Creature Attack | 3 | |
| Ghoul Frenzy | 1 | |
| Stone Form | 1 | |
13 total
» buildings
| Crypt | 2 | |
| Altar of Darkness | 1 | |
| Ziggurat | 5 | |
| Graveyard | 1 | |
| Halls of the Dead | 1 | |
| Nerubian Tower | 1 | |
| Spirit Tower | 1 | |
| Black Citadel | 1 | |
13 total
» build order
00:54 Crypt
00:57 Altar of Darkness
01:06 Ziggurat
01:22 Crypt
01:32 Ziggurat
02:30 Ziggurat
04:02 Graveyard
05:00 Halls of the Dead
06:54 Nerubian Tower
06:57 Spirit Tower
09:22 Black Citadel
09:48 Ziggurat
14:45 Ziggurat
anc_cholo (
yellow | 52 APM | 1014 actions | 19:19)
4 Dreadlord
2 Sleep
1 Carrion Swarm
1 Vampiric Aura
» actions
| Assign group hotkey | 12 | |
| Build / train | 70 | |
| Enter build submenu | 18 | |
| Enter hero's abilities submenu | 3 | |
| Remove unit from queue | 13 | |
| Right click | 305 | |
| Select / deselect | 356 | |
| Select group hotkey | 192 | |
| Use ability | 45 | |
1014 total
» units
| Acolyte | 12 | |
| Ghoul | 8 | |
| Necromancer | 9 | |
| Meatwagon | 8 | |
37 total
» upgrades
| Unholy Strength | 2 | |
| Unholy Armor | 2 | |
| Cannibalize | 1 | |
| Necromancer Training | 2 | |
| Skeletal Longevity | 1 | |
| Exhume Corpses | 1 | |
| Skeletal Mastery | 1 | |
| Ghoul Frenzy | 1 | |
11 total
» buildings
| Altar of Darkness | 1 | |
| Crypt | 1 | |
| Ziggurat | 8 | |
| Graveyard | 1 | |
| Nerubian Tower | 1 | |
| Halls of the Dead | 1 | |
| Tomb of Relics | 1 | |
| Temple of the Damned | 2 | |
| Slaughterhouse | 3 | |
| Black Citadel | 1 | |
| Spirit Tower | 1 | |
21 total
» build order
00:24 Altar of Darkness
00:28 Crypt
01:06 Ziggurat
02:05 Graveyard
03:18 Nerubian Tower
04:05 Ziggurat
07:35 Halls of the Dead
09:19 Ziggurat
09:25 Tomb of Relics
10:33 Temple of the Damned
10:35 Temple of the Damned
10:38 Slaughterhouse
10:40 Slaughterhouse
10:47 Slaughterhouse
12:35 Ziggurat
13:25 Ziggurat
13:32 Ziggurat
13:32 Ziggurat
13:33 Ziggurat
13:40 Black Citadel
16:58 Spirit Tower
Chat log
(00:11 / Allies) ukinarpaP: mass dryads
(00:14 / Allies) ukinarpaP: via dh
(00:25 / Allies) kcartelcarter: grr
(00:30 / Allies) ukinarpaP: what?
(00:31 / Allies) Ghetto_OverIord: owlith?
(00:34 / Allies) kcartelcarter: dh :(
(00:40 / Allies) ukinarpaP: what about him
(00:42 / Allies) kcartelcarter: get warden then too
(00:47 / Allies) ukinarpaP: dh
(00:48 / Allies) ukinarpaP: then kotg
(00:51 / Allies) ukinarpaP: what i do
(00:55 / Allies) ukinarpaP: actuall
(00:56 / Allies) ukinarpaP: kotg
(00:58 / Allies) ukinarpaP: and potm here
(01:00 / Allies) Ghetto_OverIord: what's wrong with two mana burns?
(01:09 / Allies) ukinarpaP: nothing but kick ass
(04:05 / Allies) Ghetto_OverIord: well that was successful.
(06:26 / Allies) kcartelcarter: anyone got wood i can buy for gole
(06:28 / Allies) kcartelcarter: gold
(07:00 / Allies) ukinarpaP: get bak to towers
(07:16 / Allies) kcartelcarter: tp if you cna
(07:23 / Allies) kcartelcarter: aback
(07:34 / Allies) Ghetto_OverIord: on my way
(08:03 / Allies) Ghetto_OverIord: didn't any of you make units?
(08:20 / All) kcartelcarter: :(
(08:21 / Allies) ukinarpaP: u obviously did not
(08:26 / Allies) Ghetto_OverIord: yeah i know
(08:31 / Allies) Ghetto_OverIord: but i killed a lot of acolytes
(08:42 / Allies) Ghetto_OverIord: can't say the same of your immolation.
(08:48 / Allies) kcartelcarter: hero
(08:53 / Allies) ukinarpaP: doesnt every bm kill acolutys
(08:58 / Allies) Ghetto_OverIord: yes
(09:39 / Allies) kcartelcarter: wood please
(10:01 / All) xRainerx: sad
(10:04 / All) xRainerx: really sad
(10:10 / All) Ghetto_OverIord: yeah
(11:11 / Allies) Ghetto_OverIord: i have bloodlust
(11:13 / Allies) Ghetto_OverIord: lots of it
(11:17 / Allies) ukinarpaP: nice
(11:20 / Allies) ukinarpaP: that is gonna do nothing
(11:26 / Allies) ukinarpaP: how about taurens
(11:33 / Allies) Ghetto_OverIord: don't feel like it
(11:37 / Allies) ukinarpaP: doenst every decent orc know tha
(11:44 / Allies) kcartelcarter: wood please
(11:47 / Allies) Ghetto_OverIord: I'm not a decent orc.
(11:54 / Allies) ukinarpaP: duh
(12:40 / Allies) ukinarpaP: lmao purple
(12:43 / Allies) ukinarpaP: chims vs 3 UD
(12:59 / Allies) kcartelcarter: youll see
(13:18 / Allies) Ghetto_OverIord: got hippos too?
(13:25 / Allies) Ghetto_OverIord: fuk
(13:27 / Allies) Ghetto_OverIord: i dun care
(13:29 / Allies) Ghetto_OverIord: do whatever you want
(13:55 / Allies) Ghetto_OverIord: as you might be able to tell by me not having anything but shamans, I'm not particularily invested in this game.
(14:10 / Allies) Ghetto_OverIord: I wanted to try a new strategy
(14:12 / Allies) Ghetto_OverIord: so here it is
(15:28 / Allies) ukinarpaP: k
(15:30 / Allies) ukinarpaP: meet
(15:33 / Allies) ukinarpaP: purple
(15:35 / Allies) ukinarpaP: come with
(15:37 / Allies) kcartelcarter: sec
(15:47 / Allies) ukinarpaP: lets just hit
(15:49 / Allies) ukinarpaP: get this over with
(15:52 / Allies) ukinarpaP: now or never
(15:57 / Allies) kcartelcarter: k
(16:14 / All) xRainerx: lol mass caster
(16:31 / Allies) ukinarpaP: purple
(16:44 / All) Ghetto_OverIord: Good to know that someone else is doing it
(16:58 / All) Ghetto_OverIord: THAT WOULD HAVE GONE DIFFERENTLY IF I DIDN'T MIXUP THE PURGE AND LIGHTNING SHIELD HOTKYE
(17:26 / All) Ghetto_OverIord: but i guess you gotta learn somehow
(17:28 / Allies) ukinarpaP: coming
(17:30 / Allies) Ghetto_OverIord: also omw
(17:34 / Allies) ukinarpaP: come with green
(17:35 / Allies) Ghetto_OverIord: why are youa guys going without your bloodlust
(17:44 / Allies) Ghetto_OverIord: ever so senseless.
(17:44 / Allies) ukinarpaP: attack
(17:53 / Allies) Ghetto_OverIord: be there as soon as i can
(18:04 / Allies) Ghetto_OverIord: just try not to do anything too stupid.
(18:07 / Allies) Ghetto_OverIord: like suiciding.
(18:25 / Allies) Ghetto_OverIord: why did you attack without me anyway
(18:28 / Allies) Ghetto_OverIord: do you like losing
(18:30 / Allies) Ghetto_OverIord: is that why?
(18:31 / Allies) ukinarpaP: ur too slow
(18:40 / Allies) Ghetto_OverIord: i had to tp
(18:41 / Allies) Ghetto_OverIord: to sruvive
(18:48 / Allies) Ghetto_OverIord: so that i could join you in the next battle
(18:49 / All) kcartelcarter: gg
(18:56 / Allies) Ghetto_OverIord: by attacking without me
(18:58 / Allies) Ghetto_OverIord: you have cost us the game
(18:59 / All) ukinarpaP: Green was noob, we had u guys lost and u know it